 Dungeon Crawl Stone Soup version 0.28-a0-511-gcc94558de3 (webtiles) character file.

Game seed: 7512886634216954578

37 peenler the Magician (level 3, -1/25 HPs)
             Began as a Djinni Hedge Wizard on Sept 21, 2021.
             Slain by a giant cockroach (2 damage)
             ... on level 3 of the Dungeon.
             The game lasted 00:08:35 (1475 turns).

peenler the Magician (Djinni Hedge Wizard)          Turns: 1475, Time: 00:08:36

Health: -1/25      AC:  2    Str:  9    XL:     3   Next: 60%
Gold:   69         EV: 12    Int: 16    God:
                   SH:  0    Dex: 12

rFire   + + .      SeeInvis .   a - +0 dagger
rCold   x . .      Faith    .   (no shield)
rNeg    . . .      Spirit   .   b - +0 robe
rPois   ∞          Reflect  .   c - +0 hat
rElec   .          Harm     .   (no cloak)
rCorr   .          Rampage  .   (no gloves)
Will    .....                   (boots unavailable)
Stlth   ++........              (no amulet)
HPRegen 0.08/turn               (no ring)
MPRegen 0.00/turn               (no ring)

@: flying
A: sickness immunity, fire resistance 2, cold vulnerability 1, float, innate
caster, hp casting, extra vitality 1
a: no special abilities


You were on level 3 of the Dungeon.
You visited 1 branch of the dungeon, and saw 3 of its levels.

You collected 69 gold pieces.

Inventory:

Hand Weapons
 a - a +0 dagger (weapon)
Armour
 b - a +0 robe (worn)
 c - a +0 hat (worn)
Scrolls
 h - a scroll of teleportation
Potions
 d - 2 potions of degeneration {unknown}
 e - a potion of cancellation {unknown}
 f - 2 potions of curing


   Skills:
 + Level 0.2 Fighting
 + Level 0.1 Short Blades
 + Level 2.3 Dodging
 + Level 2.0 Stealth
 + Level 3.1 Spellcasting


You couldn't memorise any spells.
You knew the following spells:

 Your Spells              Type           Power      Damage    Failure   Level
a - Magic Dart            Conj           48%        1d5       4%          1
b - Blink                 Tloc           N/A        N/A       8%          2
c - Call Imp              Summ           12%        N/A       8%          2
d - Slow                  Hex            12%        N/A       8%          2
e - Conjure Flame         Conj/Fire      12%        6-21      16%         3
f - Mephitic Cloud        Conj/Pois/Air  12%        N/A       16%         3
g - Foxfire               Conj/Fire      48%        2x1d6     4%          1
Your spell library was empty.

Dungeon Overview and Level Annotations

Branches:
Dungeon (3/15)

Altars:


Innate Abilities, Weirdness & Mutations

You are immune to sickness and miasma.
You are immune to poison.
Your flesh is very heat resistant. (rF++)
You are vulnerable to cold. (rC-)
You float through the air rather than walking.
You learn spells naturally, not from books.
Your magical power is your life essence.
You have superior vitality. (+4 HP)


Message History

You don't know that spell.
There are no items here.
Casting: Foxfire (safe; 4% risk of failure)
Confirm with . or Enter, or press ? or * to list all spells.
You blink.
Your crimson imp blinks!
The giant cockroach bites you but does no damage.
Casting: Blink (safe; 8% risk of failure)
Confirm with . or Enter, or press ? or * to list all spells.
You blink.
The giant cockroach bites you but does no damage.
The giant cockroach misses you.
The giant cockroach completely misses you.
Your crimson imp hits the giant cockroach.
The giant cockroach bites you.
* * * LOW HITPOINT WARNING * * *
Casting: Blink (safe; 8% risk of failure)
Confirm with . or Enter, or press ? or * to list all spells.
You blink.
* * * LOW HITPOINT WARNING * * *
Casting: Blink (safe; 8% risk of failure)
Confirm with . or Enter, or press ? or * to list all spells.
You blink.
* * * LOW HITPOINT WARNING * * *
Your crimson imp closely misses the giant cockroach.
Your magical contamination has completely faded away.
The giant cockroach misses you.
Your crimson imp hits the giant cockroach but does no damage.
The giant cockroach waves its antennae.
There is a stone staircase leading down here.
The giant cockroach bites you.
* * * LOW HITPOINT WARNING * * *
The giant cockroach barely misses you. The giant cockroach bites you.
* * * LOW HITPOINT WARNING * * *
You fly downwards.
There is a stone staircase leading up here.
The giant cockroach barely misses you.
The giant cockroach waves its antennae.
The giant cockroach bites you.
You die...

###########
..........
.........
#...BB#
#...@#
#.#...#
#.#.# #. ..
.. ... .##
.... .
...## .
....


You could see 2 giant cockroaches.

Vanquished Creatures
  An endoplasm (D:1)
  2 giant cockroaches (D:2)
  2 goblins (D:1)
  A hobgoblin (D:1)
  A kobold (D:1)
  3 ball pythons (D:1)
  A bat (D:2)
11 creatures vanquished.

Vanquished Creatures (collateral kills)
  An adder (D:2)
  2 giant cockroaches (D:2)
  3 hobgoblins (D:1)
  A quokka (D:1)
  2 frilled lizards (D:1)
  A goblin (D:1)
  2 kobolds (D:1)
  3 rats (D:1)
15 creatures vanquished.

Vanquished Creatures (others)
  9 foxfires
9 creatures vanquished.

Grand Total: 35 creatures vanquished

Notes
Turn   | Place    | Note
-------+----------+-------------------------------------------
     0 | D:1      | peenler the Djinni Hedge Wizard began the quest for the
                  | Orb.
     0 | D:1      | Reached XP level 1. HP: 15/15 MP: 0/0
   489 | D:1      | Reached XP level 2. HP: 17/21 MP: 0/0
  1009 | D:1      | Found a faded altar of an unknown god.
  1128 | D:1      | Reached skill level 3 in Spellcasting
  1128 | D:1      | Reached XP level 3. HP: 24/25 MP: 0/0
  1128 | D:1      | Learned a level 1 spell: Foxfire
  1237 | D:1      | You are sucked into a shaft and drop 1 floor!
  1473 | D:2      | HP: 1/25 [giant cockroach (1)]
  1475 | D:3      | Slain by a giant cockroach

Illustrated notes

Levels and vault maps discovered:
D:1:      lemuel_arrival_lava_pool, layout_basic,
          hellmonk_ecumenical_altar_lost_god
D:2:      minmay_roachtagon, layout_basic, kennysheep_generic_room_11
D:3:      layout_rooms, mainiacjoe_overflow_alcove_2,
          nicolae_overflow_crystal_walls, minmay_misc_feat_rows,
          uniq_crazy_yiuf_cottage, uniq_jessica

Skill      XL: |  1  2  3 |
---------------+----------+-----
Spellcasting   | 3 |  3.1
Stealth        | 2 |  2.0
Fighting       | |  0.2
Short Blades   | |  0.1
Dodging        | |  2.3

Action                   || total
-------------------------++-------
Melee: Dagger            ||     5
 Cast: Magic Dart        ||    20
       Call Imp          ||    11
       Foxfire           ||     7
       Blink             ||     5
  Use: Scroll            ||     3
Armor: Robe              ||     7
Dodge: Dodged            ||    22

Table legend: (Time is in decaauts)
 A = Elapsed time spent in this place.
 B = Non-inter-level travel time spent in this place.
 C = Inter-level travel time spent in this place.
 D = Time resting spent in this place.
 E = Time spent auto-exploring this place.
 F = Levels seen in this place.
 G = Mean time per level.
                   A        B        C        D        E       F      G
               +--------+--------+--------+--------+--------+-----+--------+
         Total |   1474 |   1474 |      0 |    650 |    378 |   3 |  491.3 |
       Dungeon |   1474 |   1474 |      0 |    650 |    378 |   3 |  491.3 |
               +--------+--------+--------+--------+--------+-----+--------+

Top non-repeatable levels by time:
     D:1: 1237 daAuts
     D:2: 236 daAuts
     D:3: 0 daAuts
